 Dungeon Crawl Stone Soup version 0.13-a0-2527-g93fcdc4 (webtiles) character file.

15942 JogiH the Thaumaturge (level 11, -9/103 HPs)
             Began as a Djinni Fire Elementalist on July 25, 2013.
             Was a High Priest of Sif Muna.
             Mangled by a seven-headed hydra (16 damage)
             ... on Level 1 of the Lair of Beasts.
             The game lasted 01:35:29 (29028 turns).

JogiH the Thaumaturge (Djinni Fire Elementalist)   Turns: 29028, Time: 01:35:29

HP  -9/103       AC  6     Str  9      XL: 11   Next: 97%
MP   0/0         EV 15     Int 18      God: Sif Muna [*****.]
Gold 836         SH  0     Dex 21      Spells: 10 memorised,  3 levels left

Res.Fire  : + + +   See Invis. : .   G - +4,+1 spear "Nueqeokle" {pierce, rF++ rC+}
Res.Cold  : x . .   Warding    : .   O - +0 leather armour {rPois}
Life Prot.: + + +   Conserve   : .   (no shield)
Res.Poison: +       Res.Corr.  : .   D - +1 wizard hat of Psoez {MR++ Dex+4}
Res.Elec. : .       Clarity    : .   E - +1 dwarf cloak
Sust.Abil.: . .     Spirit.Shd : .   (no gloves)
Res.Mut.  : +       Stasis     : .   (boots unavailable)
Res.Rott. : .       Flight     : .   S - amulet of resist mutation
Saprovore : . . .                    V - cursed ring of magical power
                                     X - ring of Iginuepp {Fire Dex+3 Stlth}

@: quite resistant to hostile enchantments, stealthy
A: no striking features
a: Channel Energy, Forget Spell, Renounce Religion


You were on level 1 of the Lair of Beasts.
You worshipped Sif Muna.
Sif Muna was exalted by your worship.
You were not hungry.

You visited 4 branches of the dungeon, and saw 14 of its levels.
You also visited: Volcano.

You collected 930 gold pieces.
You spent 114 gold pieces at shops.

Inventory:

Hand weapons
 q - a +0 blowgun
 A - a +3,+2 spear of flaming
 G - the +4,+1 spear "Nueqeokle" (weapon) {pierce, rF++ rC+}
   (You found it on level 5 of the Dungeon)

   It inflicts extra damage upon your enemies.
   It greatly protects you from fire.
   It protects you from cold.
 J - a +3,+3 quarterstaff of chaos
Missiles
 c - 6 javelins (quivered)
 L - a curare-tipped needle
Armour
 u - a cursed +1 dwarven buckler
 y - a +3 leather armour of fire resistance
 D - the +1 wizard hat of Psoez (worn) {MR++ Dex+4}
   (You found it on level 5 of the Dungeon)

   It affects your dexterity (+4).
   It affects your resistance to hostile enchantments.
 E - a +1 dwarven cloak (worn)
 O - a +0 leather armour of poison resistance (worn)
 W - a +0 robe of magic resistance
Magical devices
 p - a wand of enslavement (4) {unknown}
 B - a wand of lightning (8) {unknown}
 U - a wand of enslavement (12) {unknown}
 Y - a wand of fireball (3) {unknown}
Scrolls
 d - a scroll of random uselessness {unknown}
 j - 3 scrolls of identify
 k - a scroll of teleportation {unknown}
 l - a scroll of blinking {unknown}
 s - 4 scrolls of remove curse
 v - a scroll of amnesia {unknown}
 K - 3 scrolls of immolation {unknown}
Jewellery
 a - a cursed ring of fire
 h - an uncursed ring of ice
 n - a +3 ring of strength
 x - an uncursed amulet of clarity
 S - an amulet of resist mutation (around neck)
 V - a cursed ring of magical power (right hand)
 X - the ring of Iginuepp (left hand) {Fire Dex+3 Stlth}
   (You found it on level 10 of the Dungeon)

   [ring of fire]

   It affects your dexterity (+3).
   It makes you more stealthy.
Potions
 e - a potion of agility {unknown}
 g - a potion of slowing {unknown}
 i - a potion of resistance {unknown}
 m - 8 potions of curing
 o - 2 potions of might {unknown}
 r - 2 potions of flight {unknown}
 t - 3 potions of berserk rage
 z - 2 potions of invisibility {unknown}
 C - a potion of speed {unknown}
 F - a potion of degeneration {unknown}
 M - a potion of strong poison
 N - a potion of poison
 Q - a potion of confusion {unknown}
 R - a potion of restore abilities {unknown}
 Z - 2 potions of magic {unknown}
Books
 b - a book of Flames

   Spells                             Type                      Level
   *Flame Tongue                      Conjuration/Fire             1
   *Throw Flame                       Conjuration/Fire             2
   *Conjure Flame                     Conjuration/Fire             3
   *Inner Flame                       Hexes/Fire                   3
   *Sticky Flame                      Conjuration/Fire             4
   *Fireball                          Conjuration/Fire             5
 w - a book of Flames

   Spells                             Type                      Level
   *Flame Tongue                      Conjuration/Fire             1
   *Throw Flame                       Conjuration/Fire             2
   *Conjure Flame                     Conjuration/Fire             3
   *Inner Flame                       Hexes/Fire                   3
   *Sticky Flame                      Conjuration/Fire             4
   *Fireball                          Conjuration/Fire             5
 H - a book of Enchantments

   Spells                             Type                      Level
   Cause Fear                         Hexes                        4
   Silence                            Hexes/Air                    5
   Tukima's Dance                     Hexes                        5
   Deflect Missiles                   Charms/Air                   6
   Haste                              Charms                       6
   Discord                            Hexes                        8
 I - a book of Wizardry

   Spells                             Type                      Level
   Summon Elemental                   Summoning                    4
   Agony                              Necromancy                   5
   *Force Lance                       Conjuration                  5
   *Fireball                          Conjuration/Fire             5
   Haste                              Charms                       6
   Invisibility                       Hexes                        6
 T - a book of Minor Magic

   Spells                             Type                      Level
   *Magic Dart                        Conjuration                  1
   Blink                              Translocation                2
   Call Imp                           Summoning                    2
   *Repel Missiles                    Charms/Air                   2
   Slow                               Hexes                        2
   *Conjure Flame                     Conjuration/Fire             3
   *Mephitic Cloud                    Conjuration/Poison/Air       3


   Skills:
 * Level 4.1 Fighting
 - Level 5.0 Polearms
 - Level 0.4 Staves
 * Level 5.2 Dodging
 - Level 3.0 Stealth
 * Level 11.2 Spellcasting
 * Level 10.1 Conjurations
 + Level 0.8 Hexes
 + Level 10.3 Fire Magic
 + Level 1.0 Air Magic
 + Level 0.5 Poison Magic
 * Level 8.1 Invocations


You had 3 spell levels left.
You knew the following spells:

 Your Spells              Type           Power        Failure   Level  Hunger
a - Flame Tongue          Conj/Fire      #####        1%          1    None
b - Throw Flame           Conj/Fire      ######       1%          2    None
c - Conjure Flame         Conj/Fire      ######..     1%          3    None
d - Inner Flame           Hex/Fire       #####...     2%          3    None
e - Sticky Flame          Conj/Fire      ######..     1%          4    ##.....
f - Fireball              Conj/Fire      ######....   2%          5    ####...
g - Repel Missiles        Chrm/Air       ##........   12%         2    None
h - Mephitic Cloud        Conj/Pois/Air  ###.....     4%          3    None
i - Magic Dart            Conj           ####         1%          1    None
j - Force Lance           Conj           #####...     3%          5    ####...


Dungeon Overview and Level Annotations

Branches:
Dungeon (10/27)            Temple (1/1) D:5             Orc (2/4) D:9
   Lair (1/8) D:10

Altars:
Ashenzari
Cheibriados
Fedhas
Kikubaaqudgha
Makhleb
Okawaru
Sif Muna
Trog
Yredelemnul
Zin
the Shining One
Beogh

Shops:
D:7: * D:8: / D:9: [+ D:10: }! Orc:1: [*

Annotations
Orc:1 Joseph


Message History

The seven-headed hydra is engulfed in roaring flames.
The seven-headed hydra bites you!
The seven-headed hydra bites you but does no damage.
The seven-headed hydra bites you!
* * * LOW HITPOINT WARNING * * *
The seven-headed hydra bites you.
* * * LOW HITPOINT WARNING * * *
The seven-headed hydra is engulfed in roaring flames.
Casting: Flame Tongue
Confirm with . or Enter, or press ? or * to list all spells.
Aiming: Conjure Flame
Press: ? - help, Dir - move target cursor, f/p - seven-headed hydra
Aim: a seven-headed hydra (severely wounded)
Okay, then.
The seven-headed hydra bites you!
* * * LOW HITPOINT WARNING * * *
The seven-headed hydra bites you.
* * * LOW HITPOINT WARNING * * *
The seven-headed hydra bites you!
You die...

####...# ##.## ##
#.# #.####.#
###.....#
######...#.###
#.........###
...##..##.§.# .
........#@#§# .#
.#.#......D#.# .. #
.......>...#.# .#
.f# ##.#.....#.#.#
F...## #..%......#
.#... ###.#.#.#%##
###...
#.........#%.###.#.#
#####..............#
#########......#


You could see a seven-headed hydra.

Vanquished Creatures
  Harold (D:9)
  An ogre mage (Volcano)
  The ghost of onwiheg the Hoplite, an experienced CeBe of Trog (D:8)
  5 hill giants
  A hydra zombie (D:9)
  2 spiny frogs (Lair:1)
  2 trolls
  The ghost of smajdalf the Changer, an average DrTm (D:5)
  A komodo dragon (Lair:1)
  3 two-headed ogres
  2 blink frogs (Lair:1)
  7 yaks (D:9)
  Eustachio (D:8)
  2 clay golems (Volcano)
  A wolf (D:10)
  2 hippogriffs
  4 phantoms
  6 ice beasts
  8 ogres
  A porcupine (Lair:1)
  A sky beast (D:6)
  5 orc warriors
  6 centaurs
  2 crocodiles
  A water moccasin (D:7)
  2 giant frogs
  A gnoll sergeant (D:7)
  An eye of draining (D:10)
  2 jellyfish (D:10)
  4 lava fish (Volcano)
  6 killer bees (D:10)
  A lava snake (Volcano)
  8 electric eels (D:10)
  3 wights (D:9)
  8 crimson imps
  2 fire bats (Volcano)
  2 goliath beetles (D:7)
  Crazy Yiuf (D:6)
  11 orc priests
  10 hounds
  10 orc wizards
  9 worker ants
  4 iguanas
  4 scorpions
  6 sheep (Lair:1)
  An ogre zombie (D:8)
  6 jellies
  A mummy (D:9)
  15 gnolls
  10 adders
  An inept feature mimic (D:3)
  2 giant mites
  3 worms
  An adder zombie (D:9)
  An iguana skeleton (D:8)
  2 giant eyeballs
  4 giant geckos
  2 oozes
  55 orcs
  3 ball pythons
  21 bats
  13 goblins
  14 hobgoblins
  27 jackals
  9 quokkas
  9 giant cockroaches
  5 giant newts
  A giant spore (D:8)
  A goblin zombie (D:5)
  21 kobolds
  A kobold skeleton (D:4)
  17 rats
  A ballistomycete (D:8)
409 creatures vanquished.

Vanquished Creatures (others)
  A giant spore (D:6)
  A bush (Lair:1)
  2 fungi (Lair:1)
4 creatures vanquished.

Grand Total: 413 creatures vanquished

Notes
Turn   | Place    | Note
--------------------------------------------------------------
     0 | D:1      | JogiH, the Djinni Fire Elementalist, began the quest for the Orb.
     0 | D:1      | Reached XP level 1. HP: 14/14 MP: 0/0
   262 | D:1      | Reached XP level 2. EP: 21/21
   363 | D:1      | Learned a level 2 spell: Throw Flame
   449 | D:1      | Reached skill level 5 in Fire Magic
  1118 | D:2      | Reached XP level 3. EP: 27/27
  4467 | D:1      | Reached XP level 4. EP: 35/35
  4883 | D:1      | Learned a level 3 spell: Conjure Flame
  7922 | D:3      | Reached XP level 5. EP: 16/42
  8413 | D:3      | Found a glowing golden altar of the Shining One.
  8416 | D:3      | Found a deep blue altar of Sif Muna.
  8418 | D:3      | Found a burning altar of Makhleb.
  8420 | D:3      | Found a snail-covered altar of Cheibriados.
  8425 | D:3      | Became a worshipper of Sif Muna the Loreminder
  8497 | D:4      | Noticed an ogre
  8553 | D:4      | Killed an ogre
  8616 | D:4      | Noticed an ogre
  8617 | D:4      | Killed an ogre
  8617 | D:4      | Reached XP level 6. EP: 39/51
  8734 | D:4      | Learned a level 3 spell: Inner Flame
  8739 | D:4      | Learned a level 4 spell: Sticky Flame
  8916 | D:4      | Noticed an ogre
  8920 | D:4      | Killed an ogre
  8920 | D:4      | Acquired Sif Muna's first power
  8920 | D:4      | Reached skill level 5 in Spellcasting
  9076 | D:4      | Found a shattered altar of Ashenzari.
  9171 | D:4      | Noticed a phantom
  9178 | D:4      | Killed a phantom
  9178 | D:4      | Reached skill level 5 in Conjurations
  9178 | D:4      | Reached XP level 7. EP: 29/59
  9757 | D:5      | Entered Level 5 of the Dungeon
 10143 | D:5      | Found a staircase to the Ecumenical Temple.
 10154 | Temple   | Entered the Ecumenical Temple
 10166 | D:5      | Reached skill level 1 in Invocations
 10308 | D:5      | Got a crude wizard hat
 10311 | D:5      | Identified the +1 wizard hat of Psoez {MR++ Dex+4} (You found it on level 5 of the Dungeon)
 10312 | D:5      | Noticed smajdalf's ghost (average DrTm)
 10327 | D:5      | Killed smajdalf's ghost
 10327 | D:5      | Reached skill level 6 in Spellcasting
 10722 | D:5      | Got a pitted spear
 10723 | D:5      | Identified the spear "Nueqeokle" {pierce, rF++ rC+} (You found it on level 5 of the Dungeon)
 10740 | D:5      | Acquired Sif Muna's second power
 10881 | D:5      | Found a bloodstained altar of Trog.
 10882 | D:5      | Found an iron altar of Okawaru.
 10939 | D:5      | Learned a level 5 spell: Fireball
 11033 | D:5      | Reached XP level 8. EP: 63/67
 12148 | D:6      | Noticed Crazy Yiuf
 12153 | D:6      | Killed Crazy Yiuf
 12541 | D:6      | Reached skill level 7 in Spellcasting
 12668 | D:6      | Reached skill level 1 in Polearms
 13752 | D:7      | Found Steasept's Serpentskin Sales.
 13905 | D:7      | Bought a potion of strong poison for 24 gold pieces
 13905 | D:7      | Bought a potion of poison for 12 gold pieces
 13905 | D:7      | Bought a +0 leather armour of poison resistance for 78 gold pieces
 13969 | D:7      | Reached skill level 1 in Fighting
 14361 | D:7      | Reached XP level 9. EP: 65/75
 15083 | D:7      | Reached skill level 8 in Fire Magic
 15726 | D:8      | Found Ulanaek's Magical Wand Shoppe.
 16096 | D:8      | Noticed Eustachio
 16154 | D:8      | Killed Eustachio
 16373 | D:8      | Noticed onwiheg's ghost (experienced CeBe)
 16382 | D:8      | Killed onwiheg's ghost
 16382 | D:8      | Reached skill level 5 in Invocations
 16847 | D:8      | Reached skill level 9 in Fire Magic
 17422 | D:8      | Reached XP level 10. EP: 52/84
 17801 | D:8      | Acquired Sif Muna's third power
 18308 | D:9      | Found a staircase to the Orcish Mines.
 18400 | D:9      | Learned a level 2 spell: Repel Missiles
 19014 | D:9      | Found Qunofoibi's Book Emporium.
 19361 | D:9      | Reached skill level 5 in Polearms
 19643 | D:9      | Found Ghatt's Antique Armour Emporium.
 20042 | D:10     | Entered Level 10 of the Dungeon
 20078 | D:10     | Noticed a hill giant
 20212 | D:10     | Got a vibrating tin ring
 20575 | D:9      | Learned a level 3 spell: Mephitic Cloud
 20754 | D:10     | Killed a hill giant
 20919 | D:10     | Noticed Harold
 20956 | D:9      | Killed Harold
 20956 | D:9      | Reached skill level 10 in Spellcasting
 20956 | D:9      | Reached XP level 11. EP: 27/91
 21291 | D:10     | Found Wisudgh's Gadget Emporium.
 21639 | D:10     | Noticed a hill giant
 21662 | D:10     | Noticed a hill giant
 22138 | Orc:1    | Entered Level 1 of the Orcish Mines
 22804 | Orc:1    | Found Rak Soco's Antique Armour Shoppe.
 22932 | Orc:1    | Found Ruqes' General Store.
 22932 | Orc:1    | Noticed Joseph
 23064 | Orc:2    | Found a roughly hewn altar of Beogh.
 23623 | D:10     | Killed a hill giant
 23779 | D:9      | Identified the ring of Iginuepp {Fire Dex+3 Stlth} (You found it on level 10 of the Dungeon)
 23867 | D:10     | Killed a hill giant
 24919 | D:10     | Found Woerr's Distillery.
 25414 | D:10     | Found a staircase to the Lair.
 25664 | D:10     | Reached skill level 10 in Fire Magic
 25741 | D:10     | Noticed a hill giant
 26128 | D:10     | Killed a hill giant
 26405 | Lair:1   | Entered Level 1 of the Lair of Beasts
 26586 | Lair:1   | Found a dark tunnel.
 26605 | Volcano  | Entered a volcano
 26722 | Volcano  | Learned a level 1 spell: Magic Dart
 27435 | Volcano  | Found a radiant altar of Vehumet.
 27435 | Volcano  | Noticed an ogre mage
 27444 | Volcano  | Killed an ogre mage
 27444 | Volcano  | Reached skill level 1 in Air Magic
 27448 | Volcano  | Reached skill level 11 in Spellcasting
 27462 | Volcano  | Noticed a hill giant
 27471 | Volcano  | Killed a hill giant
 27669 | Volcano  | Learned a level 5 spell: Force Lance
 27677 | Volcano  | Reached skill level 10 in Conjurations
 28382 | Lair:1   | Reached skill level 5 in Dodging
 29011 | Lair:1   | Noticed a seven-headed hydra
 29028 | Lair:1   | Mangled by a seven-headed hydra

Action                   |  1- 3 |  4- 6 |  7- 9 | 10-12 || total
-------------------------+-------+-------+-------+-------++-------
Melee: Unarmed           |     2 |       |       |       ||     2
       Dagger            |       |     4 |       |       ||     4
       Spear             |       |       |   100 |   150 ||   250
       Blowgun           |       |       |     1 |       ||     1
       Quarterstaff      |       |       |    11 |       ||    11
 Fire: Blowgun           |       |     6 |    12 |     1 ||    19
Throw: Javelin           |    53 |     5 |       |       ||    58
 Cast: Flame Tongue      |    28 |    33 |   239 |   371 ||   671
       Throw Flame       |    14 |    68 |   110 |   158 ||   350
       Conjure Flame     |       |       |    60 |    71 ||   131
       Inner Flame       |       |       |     1 |    10 ||    11
       Mephitic Cloud    |       |       |       |    20 ||    20
       Magic Dart        |       |       |       |    30 ||    30
       Force Lance       |       |       |       |    14 ||    14
       Repel Missiles    |       |       |       |     2 ||     2
       Fireball          |       |       |       |     1 ||     1
Invok: Channel Energy    |       |       |    12 |   102 ||   114
  Use: Scroll            |       |       |     1 |     6 ||     7
       Potion            |       |       |       |     6 ||     6
